 Dungeon Crawl Stone Soup version 0.22-a0-558-gc224181 (webtiles) character file.

30 royokou the Conjurer (level 3, -9/19 HPs)
             Began as a Deep Elf Conjurer on June 27, 2018.
             Mangled by a worm (11 damage)
             ... on level 1 of the Dungeon.
             The game lasted 00:05:20 (777 turns).

royokou the Conjurer (Deep Elf Conjurer)             Turns: 777, Time: 00:05:21

Health: -9/19      AC:  2    Str:  5 (6)  XL:     3   Next: 3%
Magic:  4/9        EV: 13    Int: 16 (19) God:
Gold:   27         SH:  0    Dex: 13 (15) Spells: 5/8 levels left

rFire    . . .     SeeInvis .   d - -2 short sword (curse)
rCold    . . .     Gourm    .   (no shield)
rNeg     . . .     Faith    .   a - +0 robe
rPois    .         Spirit   .   m - +0 hat
rElec    .         Reflect  .   (no cloak)
rCorr    .         Harm     .   (no gloves)
MR       .....                  (no boots)
Stlth    ++........             (no amulet)
HPRegen  0.06/turn              (no ring)
MPRegen  0.11/turn              (no ring)

@: very slightly contaminated
A: no striking features
a: no special abilities


You were on level 1 of the Dungeon.
You were not hungry.

You visited 1 branch of the dungeon, and saw 2 of its levels.

You collected 27 gold pieces.

Inventory:

Hand Weapons
 b - a +0 dagger
 d - a cursed -2 short sword (weapon)
 e - a +0 dagger
 i - a cursed -1 dagger
 j - a +0 dagger
 k - a +0 spear
Armour
 a - a +0 robe (worn)
 l - a +0 ring mail
 m - a +0 hat (worn)
Potions
 f - a potion of degeneration
Comestibles
 c - a ration


   Skills:
 + Level 2.6 Dodging
 + Level 2.6 Stealth
 + Level 3.4 Spellcasting
 + Level 5.1 Conjurations


You had 5 spell levels left.
You knew the following spells:

 Your Spells              Type           Power        Failure   Level  Hunger
a - Magic Dart            Conj           ###.         2%          1    None
b - Searing Ray           Conj           ###...       3%          2    ##.....

Your spell library contained the following spells:

 Spells                   Type           Power        Failure   Level  Hunger
 Iskenderun's Mystic Bla  Conj           ###.....     22%         4    ####...
 Fulminant Prism          Conj/Hex       ##........   52%         4    ####...
 Dazzling Spray           Conj/Hex       ##....       19%         3    ###....
 Force Lance              Conj/Tloc      ##......     52%         4    ####...


Dungeon Overview and Level Annotations

Branches:
Dungeon (2/15)

Altars:


Message History

The worm is severely wounded.
Casting: Magic Dart (safe; 2% risk of failure)
Confirm with . or Enter, or press ? or * to list all spells.
Aiming: Magic Dart (safe; 2% risk of failure)
Press: ? - help, Shift-Dir - straight line, f - worm
Aim: a worm (severely wounded)
The magic dart hits the worm.
The worm is almost dead.
The worm bites you.
* * * LOW HITPOINT WARNING * * *
Casting: Magic Dart (safe; 2% risk of failure)
Confirm with . or Enter, or press ? or * to list all spells.
Aiming: Magic Dart (safe; 2% risk of failure)
Press: ? - help, Shift-Dir - straight line, f/p - worm
Aim: a worm (almost dead)
The magic dart hits the worm.
The worm is almost dead.
The worm bites you!
Ouch! That really hurt!
You die...

#......##...#.#..#...###
#......##.###.#..#...#
#......##.###.#..#...#
####........##.#..#...#
..############.#..#...#
.......# #.#..#...#
##.###.# #.#..#...#
##.###.#######.#..#...#
...............w@.#...#
###.##.######.......###
#.##.# #.......# #..#.#
#.......#
####.#.######.......#
#..........##.......#
#.###.####.##.......#
...............##.###
P.P....###.##.###.#


You could see a worm.

Vanquished Creatures
  A dart slug (D:1)
  5 giant cockroaches (D:1)
  A hobgoblin (D:1)
  4 bats (D:1)
  3 frilled lizards (D:1)
  7 goblins (D:1)
  3 kobolds (D:1)
  3 rats (D:1)
27 creatures vanquished.

Notes
Turn   | Place    | Note
-------+----------+-------------------------------------------
     0 | D:1      | royokou the Deep Elf Conjurer began the quest for the Orb.
     0 | D:1      | Reached XP level 1. HP: 10/10 MP: 6/6
   135 | D:1      | Reached XP level 2. HP: 15/15 MP: 2/8
   156 | D:1      | Learned a level 2 spell: Searing Ray
   284 | D:1      | Reached skill level 5 in Conjurations
   639 | D:1      | Reached XP level 3. HP: 18/19 MP: 6/9
   777 | D:1      | Mangled by a worm

Vault maps used:
D:1:      eino_arrival_water_cross, minmay_pentomino_x4
D:2:      st_stairs_14, minmay_joined_circles, uniq_robin, uniq_terence

Skill      XL: |  1  2 |
---------------+-------+-----
Conjurations   | 5 |  5.1
Dodging        | |  2.6
Stealth        | |  2.6
Spellcasting   | |  3.4

Action                   || total
-------------------------++-------
Melee: Short sword       ||    46
 Cast: Magic Dart        ||    49
  Use: Scroll            ||     2
       Potion            ||     1
Armor: Robe              ||     9
Dodge: Dodged            ||    36

Table legend:
 A = Spawn XP
 B = Non-spawn XP
 C = Spawn XP percentage of total XP
 D = Spawn monster count
 E = Non-spawn monster count
 F = Spawn count percentage of total count
 G = Total turns spent on level
                    A         B        C        D         E        F      G
               +---------+---------+-------+---------+---------+-------+---------
         Total |       0 |      43 |   0.0 |       0 |      27 |   0.0 |   777
               +---------+---------+-------+---------+---------+-------+---------
           D:1 |       0 |      43 |   0.0 |       0 |      27 |   0.0 |   770
               +---------+---------+-------+---------+---------+-------+---------
